 Seeded DCSS version 0.30.1-9-gdf580d7c3d (webtiles) character file.

Game seed: 7229806256980976716 (custom seed)

67 Psyclone the Digger (level 4, 0/33 HPs)
             Began as a Meteoran Earth Elementalist on Oct 16, 2023.
             Succumbed to a scorpion's poison
             ... on level 4 of the Dungeon.
             The game lasted 00:01:07 (537 turns).

Psyclone the Digger (Meteoran Earth Elementalist)    Turns: 537, Time: 00:01:08

Health: 0/33       AC:  5    Str:  9    XL:     4   Next: 67%
Magic:  0/10       EV: 12    Int: 18    God:
Gold:   3861       SH:  0    Dex: 15    Spells: 4/10 levels left

rFire   . . .        (no weapon)
rCold   . . .        (no shield)
rNeg    . . .        a - +0 robe
rPois   .            (no helmet)
rElec   .            (no cloak)
rCorr   .            n - +0 pair of gloves
SInv    .            (no boots)
Will    .....        (no amulet)
Stlth   +            (no ring)
HPRegen 0.25/turn    (no ring)
MPRegen 0.12/turn

%: no passive effects
@: lethally poisoned (0 -> -12), very slightly contaminated, glowing
A: sense surroundings 1, otherworldly, glowing, explore regen, iridescent scales
1, evolution 2, MP-powered wands, noise suppression
a: no special abilities


You were on level 4 of the Dungeon.
You visited 1 branch of the dungeon, and saw 4 of its levels.

You collected 3861 gold pieces.

Inventory:

Missiles
 d - a throwing net {!f}
Armour
 a - a +0 robe (worn)
 n - a +0 pair of gloves (worn)
Scrolls
 c - 3 scrolls of amnesia {unknown}
 e - a scroll of identify {unknown}
 f - 2 scrolls of blinking {unknown}
 h - a scroll of enchant armour {unknown}
 l - a scroll of poison {unknown}
Potions
 b - a potion of magic
 g - a potion of might {unknown}
 i - 2 potions of curing {unknown}
 j - a potion of invisibility {unknown}
 k - a potion of brilliance {unknown}
 m - a potion of mutation


   Skills:
 - Level 2.4 Dodging
 - Level 1.4 Stealth
 * Level 3.9 Spellcasting
 + Level 2.3 Transmutations
 * Level 4.6 Earth Magic


You had 4 spell levels left.
You knew the following spells:

 Your Spells              Type           Power      Damage    Failure   Level
a - Sandblast             Erth           40%        2d10      2%          1
b - Passwall              Tmut/Erth      13%        N/A       5%          2
c - Stone Arrow           Conj/Erth      24%        3d8       17%         3

Your spell library contained the following spells:

 Spells                   Type           Power      Damage    Failure   Level
 Cigotuvi's Dreadful Rot  Necr/Pois/Air  6%         N/A       22%         2
 Poisonous Vapours        Pois/Air       6%         N/A       22%         2
 Petrify                  Tmut/Erth      16%        N/A       34%         4
 Mephitic Cloud           Conj/Pois/Air  3%         N/A       41%         3
 Dispel Undead            Necr           3%         3d7       83%         4
 Freezing Cloud           Conj/Ice/Air   1%         6-21      99%         5
 Death Channel            Necr           1%         N/A       100%        6


Dungeon Overview and Level Annotations

Branches:
Dungeon (4/15) Zot: 1847
 Temple: D:4-7

Altars:

Annotations:
D:3 3 runed translucent doors


Innate Abilities, Weirdness & Mutations

You passively map a small area around you.
You are easily found by Zot.
You glow in the dark.
You regain HP and MP as you explore.
You are partially covered in iridescent scales. (AC +2)
You have great hidden genetic potential.
You expend magic power (3 MP) to strengthen your wands.
You passively dampen the noise of your surroundings.


Message History

Aiming: Sandblast (safe; 2% risk of failure)
Press: ? - help, Shift-Dir - straight line, f/p - scorpion
Aim: a scorpion (moderately wounded, 83% to hit)
The blast of sand hits the scorpion.
The scorpion is heavily wounded.
You feel sick. The scorpion barely misses you. The scorpion stings you.
You take 4 damage, and have 11/33 hp.
Casting: Sandblast (safe; 2% risk of failure)
Confirm with . or Enter, or press ? or * to list all spells.
The spell is quite dangerous to miscast (17% risk of failure)!
Continue anyway?
Aiming: Stone Arrow (quite dangerous; 17% risk of failure)
Press: ? - help, Shift-Dir - straight line, f/p - scorpion
Aim: a scorpion (heavily wounded, 68% to hit)
You miscast Stone Arrow.
You are very lightly contaminated with residual magic.
Nothing appears to happen.
You feel sick. The scorpion stings you.
* * * LOW HITPOINT WARNING * * *
You are lethally poisoned!
The scorpion poisons you!
You take 4 damage, and have 7/33 hp.
You now have 3/10 mp.
Casting: Stone Arrow (quite dangerous; 17% risk of failure)
Confirm with . or Enter, or press ? or * to list all spells.
The spell is quite dangerous to miscast (17% risk of failure)!
Continue anyway?
Aiming: Stone Arrow (quite dangerous; 17% risk of failure)
Press: ? - help, Shift-Dir - straight line, f/p - scorpion
Aim: a scorpion (heavily wounded, 68% to hit)
The stone arrow misses the scorpion.
* * * LOW HITPOINT WARNING * * *
You feel very sick. The scorpion closely misses you.
You take 4 damage, and have 3/33 hp.
You now have 0/10 mp.
Casting: Stone Arrow (quite dangerous; 17% risk of failure)
Confirm with . or Enter, or press ? or * to list all spells.
You don't have enough magic to cast this spell.
Unknown command.
Casting: Stone Arrow (quite dangerous; 17% risk of failure)
Confirm with . or Enter, or press ? or * to list all spells.
You don't have enough magic to cast this spell.
Unknown command.
You die...

* ,
..............
, *
#.............
, *
..............
,
#............,,
, , ,
............
..........# ,*
#.>.....s.#* ,
, ##>.#....@.#
* ...........#
, , #.....<...#
, *
#.............
..........#####
, ##........# *
#........# ,
#.........#* *
* *...........
,


You could see a scorpion.

Vanquished Creatures
  A jelly (D:2)
  An adder (D:2)
  A worm (D:3)
  2 ball pythons
  2 bats
  An endoplasm (D:2)
  3 giant cockroaches
  A hobgoblin (D:1)
  6 jackals
  2 quokkas
  A frilled lizard (D:1)
  3 rats
24 creatures vanquished.

Notes
Turn   | Place    | Note
-------+----------+-------------------------------------------
     0 | D:1      | Psyclone the Meteoran Earth Elementalist began the quest
                  | for the Orb.
     0 | D:1      | Reached XP level 1. HP: 14/14 MP: 5/5
    64 | D:1      | Identified 3 scrolls of acquirement
    64 | D:1      | Acquired 1248 gold pieces
    65 | D:1      | Acquired 1275 gold pieces
    88 | D:1      | Acquired 1252 gold pieces
   159 | D:1      | Reached XP level 2. HP: 20/20 MP: 3/6
   193 | D:1      | Gained mutation: You are partially covered in iridescent
                  | scales. (AC +2) [potion of mutation]
   193 | D:1      | Gained mutation: You expend magic power (3 MP) to
                  | strengthen your wands. [potion of mutation]
   193 | D:1      | Gained mutation: You have hidden genetic potential. [potion
                  | of mutation]
   193 | D:1      | Gained mutation: You have great hidden genetic potential.
                  | [potion of mutation]
   282 | D:2      | Reached skill level 4 in Earth Magic
   301 | D:2      | Reached XP level 3. HP: 26/26 MP: 6/8
   325 | D:2      | Reached XP level 4. HP: 33/33 MP: 5/10
   328 | D:2      | Learned a level 2 spell: Passwall
   328 | D:2      | Gained mutation: You passively dampen the noise of your
                  | surroundings. [hidden potential]
   332 | D:2      | Learned a level 3 spell: Stone Arrow
   460 | D:3      | Found a runed translucent gate.
   460 | D:3      | Found a runed translucent gate.
   460 | D:3      | Found a runed translucent gate.
   527 | D:4      | Noticed a scorpion
   537 | D:4      | Succumbed to a scorpion's poison

Illustrated notes

Levels and vault maps discovered:
D:1:      spicycebolla_arrival_ecumenical, layout_loops_ring
D:2:      layout_basic
D:3:      layout_rooms, mainiacjoe_overflow_paths, gammafunk_ghost_necromancy
D:4:      layout_rooms, tso_metal_star, mainiacjoe_overflow_catwalk,
          elyvilon_altar_5, minmay_temple_entry_stoned_glass,
          nicolae_ossuary_entry_giza, minmay_misc_feat_square, minivault_4

Skill      XL: |  1  2  3 |
---------------+----------+-----
Spellcasting   | 3 |  3.9
Earth Magic    | 4 |  4.6
Transmutations | 2 |  2.3
Dodging        | |  2.4
Stealth        | |  1.4

Action                     |  1- 3 |  4- 6 || total
---------------------------+-------+-------++-------
   Cast: Sandblast         |    13 |    20 ||    33
         Passwall          |       |     4 ||     4
         Stone Arrow       |       |     1 ||     1
    Use: Scroll            |     3 |       ||     3
         Potion            |     1 |       ||     1
 Armour: Robe              |       |     2 ||     2
  Dodge: Dodged            |     1 |     6 ||     7
